 Dungeon Crawl Stone Soup version bcrawl-1.39.1 (webtiles) character file.

Game seed: 16893926780376200441

174528 Finalfun the Sneak (level 7, 54/60 HPs)
             Began as a Deep Dwarf Archaeologist on Sept 26, 2023.
             Was a Priest of Elyvilon.
             Quit the game on level 6 of the Dungeon.
             The game lasted 00:23:09 (5579 turns).

Finalfun the Sneak (Deep Dwarf Archaeologist)       Turns: 5579, Time: 00:23:10

Health: 54/60      AC: 11    Str: 17    XL:     7   Next: 63%
Magic:  10/10      EV: 11    Int: 14    God:    Elyvilon [***...]
Gold:   487        SH:  0    Dex: 11    Spells: 6/6 levels left

rFire    + + +     GDR:     27% a - +0 whip
rCold    + + .     SeeInvis .   (no shield)
rNeg     + . .     Gourm    +   w - +1 ring mail of Kesab {rF++ rC- rN+ MR+} (curse)
rPois    .         Faith    .   n - +0 helmet
rElec    +         Spirit   .   k - scarf {rC+ rF+}
rCorr    .         Reflect  .   v - +0 pair of gloves
MR       ++...                  j - +1 pair of boots
Stlth    ++++......             u - amulet of the gourmand
HPRegen  0.00/turn              h - ring "Valiunn" {rC++ Stlth++}
MPRegen  0.12/turn              F - ring of insulation

@: non-regenerating
A: damage resistance, sense surroundings 1, no regeneration
a: Lesser Healing, Heal Other, Purification, Divine Protection, Renounce
Religion


You were on level 6 of the Dungeon.
You worshipped Elyvilon.
Elyvilon was most pleased with you.
You were hungry.

You visited 1 branch of the dungeon, and saw 6 of its levels.

You collected 487 gold pieces.

Inventory:

Hand Weapons
 a - a +0 whip (weapon)
 b - a +0 blowgun
Missiles
 f - 6 curare-tipped needles
 s - 112 poisoned needles
 x - 1028 stones (quivered)
 y - 640 arrows
Armour
 j - a +1 pair of boots (worn)
 k - a scarf of resistance (worn)
 n - a +0 helmet (worn)
 v - a +0 pair of gloves (worn)
 w - the cursed +1 ring mail of Kesab (worn) {rF++ rC- rN+ MR+}
   (You found it on level 5 of the Dungeon)

   It greatly protects you from fire.
   It makes you vulnerable to cold.
   It protects you from negative energy.
   It affects your resistance to hostile enchantments.
   It has a curse placed upon it.
Jewellery
 h - the ring "Valiunn" (left hand) {rC++ Stlth++}
   (You acquired it on level 4 of the Dungeon)

   [ring of stealth]

   It greatly protects you from cold.
   It makes you much more stealthy.
 u - an amulet of the gourmand (around neck)
 C - a +7 ring of intelligence
 F - a ring of insulation (right hand)
Scrolls
 d - a scroll of amnesia {unknown}
 g - 2 scrolls of revelation
 m - 5 scrolls of blinking
 o - 2 scrolls of teleportation
 q - a scroll of immolation
 z - a scroll of enchant weapon
 E - a scroll of remove curse
Potions
 i - 2 potions of experience {unknown}
 l - a potion of lignification
 p - a potion of haste
 r - 2 potions of curing
 t - 2 potions of invisibility
 A - a potion of berserk rage
 B - a potion of agility
 D - a potion of brilliance
Comestibles
 e - 8 rations {!d}


   Skills:
 + Level 2.2 Fighting
 - Level 5.0 Maces & Flails
 + Level 1.0 Throwing
 - Level 4.0 Armour
 - Level 3.2 Dodging
 - Level 5.1 Stealth
 - Level 4.0 Invocations
 - Level 4.0 Evocations


You had 6 spell levels left.
You didn't know any spells.
Your spell library contained the following spells:

 Spells                   Type           Power        Failure   Level  Hunger
 Flame Tongue             Conj/Fire      #....        45%         1    None
 Necrotize                Necr           #.....       45%         1    None
 Summon Small Mammal      Summ           #...         45%         1    None
 Call Imp                 Summ           #.....       58%         2    ####...
 Flaming Arrows           Chrm/Fire      #.......     58%         2    ####...
 Call Canine Familiar     Summ           #.......     83%         3    #####..
 Conjure Flame            Conj/Fire      #.......     83%         3    #####..
 Inner Flame              Hex/Fire       N/A          83%         3    #####..
 Vampiric Draining        Necr           #.........   83%         3    #####..
 Agony                    Necr           #.......     99%         4    ######.
 Animate Dead             Necr           N/A          99%         4    ######.
 Sticky Flame             Conj/Fire      #.......     99%         4    ######.
 Summon Ice Beast         Ice/Summ       #.......     99%         4    ######.
 Dispel Undead            Necr           #.......     100%        5    #######
 Fireball                 Conj/Fire      #.........   100%        5    #######
 Summon Lightning Spire   Summ/Air       #.......     100%        5    #######


Dungeon Overview and Level Annotations

Branches:
Dungeon (6/12)             Temple (0/1) D:4

Altars:
Ashenzari
Dithmenos
Elyvilon
Hepliaklqana
Nemelex Xobeh
Qazlal
Ru
Trog
Uskayaw
Wu Jian

Annotations:
D:3 Sigmund


Innate Abilities, Weirdness & Mutations

You are resistant to damage.
You passively map a small area around you.
You do not regenerate.


Message History

There is an open door here.
There is a stone staircase leading down here.
You climb downwards.
A rune on the stairs sparks and fizzles.
There is a stone staircase leading up, spattered with blood here.
Done exploring.
You hear a grinding noise.
You see here a +0 leather armour.
There is a stone staircase leading down here.
You see here a +0 chain mail.
You climb downwards.
A rune on the stairs sparks and fizzles.
There is a stone staircase leading up, spattered with blood here.
You see here a ring of evasion.
You now have 487 gold pieces (gained 21).
A worker ant and an orc wizard come into view.
You see here 134 arrows.
y - 640 arrows (gained 134) Unknown command.
Are you sure you want to abandon this character and quit the game? (Confirm with "yes".)

, ...o..a , .. ** ,, *
....... ##.. * .......
.#. ..##...##.......#,..
...##..#........##.# , .
...##...........#..# ..
...................##...
................@......#
........................
#.......................
#...............###.....
..#####....#............
..####..................
...##....<.......##.....
...........#............,
...#.....<............. *


You could see a worker ant (sleeping) and an orc wizard (sleeping).

Vanquished Creatures
  An ice beast (D:5)
  An ogre (D:4)
  A bullfrog (D:5)
  Blork the orc (D:4)
  A centaur (D:5)
  2 howler monkeys (D:4)
  2 crimson imps (D:4)
  A hound (D:5)
  An orc wizard (D:6)
  4 worker ants
  A howler monkey zombie (D:5)
  A worker ant zombie (D:6)
  5 adders
  A shadow imp (D:5)
  4 worms
  3 dart slugs
  3 leopard geckos (D:1)
  2 orcs (D:5)
  3 bats
  3 giant cockroaches (D:1)
  9 goblins
  4 hobgoblins
  7 jackals
  7 kobolds
  4 quokkas
  A frilled lizard (D:3)
  A quokka skeleton (D:5)
  4 rats
78 creatures vanquished.

Notes
Turn   | Place    | Note
-------+----------+-------------------------------------------
     0 | D:1      | Finalfun the Deep Dwarf Archaeologist began the quest for
                  | the Orb.
     0 | D:1      | Reached XP level 1. HP: 18/18 MP: 1/1
    43 | D:1      | Reached skill level 1 in Invocations
   294 | D:1      | Reached XP level 2. HP: 25/25 MP: 1/3
   454 | D:1      | Reached ** piety under Elyvilon
   656 | D:1      | Reached XP level 3. HP: 24/31 MP: 4/4
   749 | D:1      | Reached skill level 5 in Stealth
  1129 | D:2      | Found a shattered altar of Ashenzari.
  1912 | D:3      | Found a shadowy altar of Dithmenos.
  1913 | D:3      | Reached *** piety under Elyvilon
  1990 | D:3      | Noticed Sigmund
  2063 | D:3      | Found a sacrificial altar of Ru.
  2100 | D:3      | Reached XP level 4. HP: 34/38 MP: 6/6
  2174 | D:3      | Found a bloodstained altar of Trog.
  2208 | D:3      | Found a white marble altar of Elyvilon.
  2767 | D:4      | Reached XP level 5. HP: 41/44 MP: 8/8
  2767 | D:4      | Identified a scroll of acquirement
  2767 | D:4      | Identified the ring "Valiunn" {rC++ Stlth++} (You acquired
                  | it on level 4 of the Dungeon)
  2771 | D:4      | Noticed a water elemental
  2773 | D:4      | Found a stormy altar of Qazlal.
  2775 | D:4      | Noticed an air elemental
  2775 | D:4      | Noticed a fire elemental
  2873 | D:4      | Noticed Blork the orc
  2905 | D:4      | Killed Blork the orc
  2906 | D:4      | Reached XP level 6. HP: 10/51 MP: 9/9
  2942 | D:4      | Found a sparkling altar of Nemelex Xobeh.
  2968 | D:4      | Found a hide-covered altar of Uskayaw.
  2968 | D:4      | Found a hazy altar of Hepliaklqana.
  2969 | D:4      | Found an ornate altar of the Wu Jian Council.
  3084 | D:4      | Found a staircase to the Ecumenical Temple.
  3114 | D:4      | Reached **** piety under Elyvilon
  3361 | D:4      | Reached skill level 5 in Maces & Flails
  3361 | D:4      | Reached skill level 1 in Evocations
  3762 | D:5      | Entered Level 5 of the Dungeon
  3801 | D:5      | Noticed an ice beast
  3818 | D:5      | Killed an ice beast
  3943 | D:4      | Reached XP level 7. HP: 13/57 MP: 10/10
  4871 | D:5      | Got an ancient ring mail
  5131 | D:5      | Identified the cursed +1 ring mail of Kesab {rF++ rC- rN+
                  | MR+} (You found it on level 5 of the Dungeon)
  5386 | D:5      | Reached skill level 1 in Throwing
  5579 | D:6      | Quit the game

Skill      XL: |  1  2  3  4  5  6  7 |
---------------+----------------------+-----
Invocations    | 1 2 3 4 |  4.0
Stealth        | 5 |  5.1
Maces & Flails | 3 4 5 |  5.0
Evocations     | 4 |  4.0
Armour         | 2 4 |  4.0
Fighting       | 2 |  2.2
Throwing       | 1 |  1.0
Dodging        | |  3.2

Action                   |  1- 3 |  4- 6 |  7- 9 || total
-------------------------+-------+-------+-------++-------
Melee: Whip              |   135 |   141 |   412 ||   688
 Fire: Blowgun           |       |     7 |   125 ||   132
Throw: Tomahawk          |    19 |    44 |       ||    63
       Stone             |       |     1 |    22 ||    23
Invok: Lesser Healing    |     3 |     6 |    12 ||    21
       Greater Healing   |       |       |     1 ||     1
  Use: Scroll            |     5 |     9 |     2 ||    16
       Potion            |       |       |     2 ||     2
 Stab: Sleeping          |    10 |     3 |       ||    13
  Eat: Chunk             |     8 |     6 |     9 ||    23
       Ration            |       |     2 |     4 ||     6
Armor: Robe              |    46 |    59 |       ||   105
       Chain mail        |       |       |   284 ||   284
       Ring mail         |       |       |    28 ||    28
Dodge: Dodged            |    74 |   127 |   174 ||   375
